 Dungeon Crawl Stone Soup version 0.26.0-16-gc1dbca0489 (webtiles) character file.

Game seed: 4118659747483151878

145947 teolandon225 the Unseen (level 16, -3/70 (73) HPs)
             Began as a Spriggan Enchanter on Jan 18, 2021.
             Was the Champion of Dithmenos.
             Drowned by a drowned soul (5 damage)
             ... summoned by a merfolk avatar
             ... on level 1 of the Shoals.
             The game lasted 01:54:56 (47855 turns).

teolandon225 the Unseen (Spriggan Enchanter)       Turns: 47855, Time: 01:54:57

HP:   -3/70 (73)    AC:  8    Str:  2    XL:     16   Next: 88%
MP:   3/26          EV: 49    Int: 26    God:    Dithmenos [******]
Gold: 3014          SH:  4    Dex: 24    Spells: 2/20 levels left

rFire    + + +     SeeInvis +   s - +4 dagger (vamp)
rCold    + . .     Faith    .   (shield restricted)
rNeg     + + +     Spirit   .   a - +2 robe
rPois    ∞         Reflect  .   (helmet restricted)
rElec    .         Harm     .   O - +2 cloak {rC+}
rCorr    .         Rampage  .   (gloves unavailable)
Will     +++++                  (boots unavailable) Stlth #########*
                                F - amulet "Myblos" {Acrobat rF+ Int+4}
HPRegen  0.21/turn              x - ring of stealth
MPRegen  0.20/turn              y - ring of Ismeb {rF+ Str-2 Dex+6 Stlth-}

@: shadow-form, acrobat, wreathed by umbra, lightly drained, invisible, very
quick
A: very small, unfitting armour, claws 1, large bone plates 1, see invisible,
fire resistance 1, speed 3, frail 1, shaggy fur 1
a: End Transformation, Renounce Religion, Shadow Step, Shadow Form


You were on level 1 of the Shoals.
You worshipped Dithmenos.
Dithmenos was exalted by your worship.
You were a swirling mass of dark shadows.
You visited 5 branches of the dungeon, and saw 25 of its levels.
You also visited: Sewer, Bailey and Ice Cave.

You collected 4425 gold pieces.
You spent 1411 gold pieces at shops.

Inventory:

Hand Weapons
 s - a +4 vampiric dagger (weapon)
Armour
 a - a +2 robe (worn)
 m - the +0 buckler of Gallantry {rN+}
   (You acquired it on level 1 of the Lair of Beasts)

   It protects you from negative energy.
 O - a +2 cloak of cold resistance (worn)
Jewellery
 c - a +6 ring of strength
 g - an uncursed ring of stealth
 l - an uncursed amulet of reflection
 r - an uncursed ring of resist corrosion
 x - a ring of stealth (left claw)
 y - the ring of Ismeb (right claw) {rF+ Str-2 Dex+6 Stlth-}
   (You found it on level 5 of the Dungeon)

   [ring of attention]

   It affects your strength (-2).
   It affects your dexterity (+6).
   It protects you from fire.
   It makes you less stealthy.
 F - the amulet "Myblos" (around neck) {Acrobat rF+ Int+4}
   (You found it on level 1 of the Orcish Mines)

   [amulet of the acrobat]

   It helps you evade while moving and waiting.
   It affects your intelligence (+4).
   It protects you from fire.
 G - an uncursed ring of flight
 L - an uncursed ring of poison resistance
 U - an uncursed ring of protection from fire
 V - an uncursed ring of ice
 X - a +4 ring of slaying
Wands
 A - a wand of digging (7)
 B - a wand of disintegration (19)
 C - a wand of flame (66)
 D - a wand of iceblast (3)
 I - a wand of polymorph (9)
 W - a wand of paralysis (19)
 Z - a wand of acid (5)
Scrolls
 b - a scroll of fear
 d - 11 scrolls of teleportation
 e - 13 scrolls of remove curse
 o - 9 scrolls of immolation
 q - 2 scrolls of blinking
 v - 5 scrolls of enchant armour
 J - 3 scrolls of amnesia
 K - 5 scrolls of identify
 M - a scroll of magic mapping
 P - 5 scrolls of summoning
 R - 3 scrolls of fog
Potions
 f - 4 potions of mutation
 h - 6 potions of invisibility
 i - 4 potions of brilliance
 j - 11 potions of might
 k - 5 potions of haste
 n - 3 potions of lignification
 p - 10 potions of curing
 t - 8 potions of heal wounds
 u - 2 potions of attraction
 w - a potion of berserk rage
 z - 2 potions of magic
 N - 2 potions of resistance
 S - a potion of flight


   Skills:
 - Level 8.6 Fighting
 - Level 7.1 Short Blades
 - Level 14.8 Dodging
 - Level 19.6 Stealth
 + Level 5.7 Shields
 - Level 2.6 Spellcasting
 - Level 16.7 Hexes
 * Level 12.0 Invocations
 - Level 10.8 Evocations


You had 2 spell levels left.
You knew the following spells:

 Your Spells              Type           Power        Failure   Level
a - Tukima's Dance        Hex            22%          1%          3
b - Apportation           Tloc           0%           10%         1
e - Invisibility          Hex            22%          1%          6
q - Ensorcelled Hibernat  Hex/Ice        22%          1%          2
r - Dazzling Flash        Conj/Hex       22%          1%          3
w - Confusing Touch       Hex            22%          1%          3

Your spell library contained the following spells:

 Spells                   Type           Power        Failure   Level
 Corona                   Hex            24%          0%          1
 Beastly Appendage        Tmut           0%           10%         1
 Sandblast                Erth           0%           10%         1
 Sting                    Tmut/Pois      0%           10%         1
 Passwall                 Tmut/Erth      0%           14%         2
 Poisonous Vapours        Pois/Air       0%           14%         2
 Wereblood                Tmut           0%           14%         2
 Cause Fear               Hex            11%          1%          4
 Silence                  Hex/Air        5%           9%          5
 Yara's Violent Unravell  Hex/Tmut       5%           9%          5
 Conjure Flame            Conj/Fire      0%           28%         3
 Ignite Poison            Fire/Tmut/Pois 0%           28%         3
 Lesser Beckoning         Tloc           0%           28%         3
 Mephitic Cloud           Conj/Pois/Air  0%           28%         3
 Spider Form              Tmut/Pois      0%           28%         3
 Stone Arrow              Conj/Erth      0%           28%         3
 Discord                  Hex            11%          56%         8
 Ice Form                 Ice/Tmut       0%           67%         4
 Olgreb's Toxic Radiance  Pois           0%           67%         4
 Petrify                  Tmut/Erth      0%           67%         4
 Alistair's Intoxication  Tmut/Pois      0%           95%         5
 Blade Hands              Tmut           0%           95%         5
 Lee's Rapid Deconstruct  Erth           0%           95%         5
 Freezing Cloud           Conj/Ice/Air   0%           100%        6


Dungeon Overview and Level Annotations

Branches:
Dungeon (15/15)            Temple (1/1) D:5            Lair (6/6) D:8
 Shoals (1/4) Lair:4        Snake (0/4) Lair:2        Slime (0/5) Lair:5
    Orc (2/2) D:9             Elf (0/3) Orc:2        Vaults (0/5) D:13
 Depths (0/5) D:15          Sewer (visited)          Bailey (visited)
  IceCv (visited)

Altars:
Ashenzari
Cheibriados
Dithmenos
Elyvilon
Fedhas
Gozag
Hepliaklqana
Kikubaaqudgha
Makhleb
Nemelex Xobeh
Okawaru
Qazlal
Ru
Sif Muna
Trog
Uskayaw
Vehumet
Wu Jian
Xom
Yredelemnul
Zin
The Shining One

Shops:
D:13 ?   Orc:1 !   Orc:2 ([:   Shoals:1 *

Annotations:
D:1 exclusion: 2 downstairs
D:4 2 transporters
D:8 1 exclusion
D:9 exclusion: 2 downstairs
D:13 exclusion: downstairs
Lair:2 exclusion: downstairs


Innate Abilities, Weirdness & Mutations

You are very small and have problems with some larger weapons.
You are too small for most types of armour.
You have supernaturally acute eyesight. (SInv)
You cover ground extremely quickly.
You have sharp fingernails.
You are partially covered in large bone plates. (SH +4)
Your flesh is heat resistant. (rF+)
You are frail. (-10% HP)
You are covered in fur. (AC +1)


Message History

You resist with almost no effort. The drowned soul touches you.
The drowned soul drowns you!
You enter the shallow water.
Moving in this stuff is going to be slow.
The merfolk shouts!
The merfolk avatar chants a haunting song.
You are mesmerised by the merfolk avatar!
You cannot move away from the merfolk avatar!
Your magical effects are unravelling.
You feel magically purged.
You break out of your daze.
Your claws stop glowing.
The drowned soul touches you. The drowned soul drowns you!
* * * LOW HITPOINT WARNING * * *
The drowned soul touches you. The drowned soul drowns you!
* * * LOW HITPOINT WARNING * * *
You turn into a swirling mass of dark shadows.
You feel drained.
You fade into the shadows.
The merfolk misses you. The drowned soul touches you.
The drowned soul drowns you!
You die...

≈≈≈..........=......#.P≈≈.≈≈≈.>.≈
≈≈≈≈≈≈≈......###...PP..≈P.P≈P≈≈.≈
≈≈≈≈≈≈≈≈.....####...P≈..P≈P≈..≈≈≈
≈≈≈≈≈≈≈≈.........P.≈≈≈P≈≈≈≈≈P.≈≈≈
≈≈≈≈≈≈≈≈...........P≈≈≈≈≈≈≈≈.....
≈≈≈≈≈≈≈≈.......P.(.≈≈≈≈≈≈≈≈P≈....
≈≈≈≈≈≈≈.....≈≈≈....≈≈≈≈≈≈≈≈≈≈....
.≈≈.≈≈.###.≈≈≈≈....≈≈≈≈W≈≈..≈
≈≈≈.≈≈.# #..≈≈≈≈W..≈≈≈≈PP≈
...)..## #.........W≈≈≈PP.
≈.)≈..# #..###≈.≈≈≈≈≈P≈≈. ≈≈≈≈..#
.#####mm≈§§≈≈...# ≈≈≈...#
####..≈≈W..≈≈.# ≈≈≈...##
#....≈≈§.§.≈W.##
≈≈≈≈...#####....§§§..≈≈..#
≈≈≈≈≈≈..........§§§§.≈≈...
≈≈≈≈≈≈..........§§§...≈≈..


You could see a merfolk avatar, a merfolk and 4 drowned souls.

Vanquished Creatures
  Rupert (D:15)
  Kirke (D:14)
  A frost giant (IceCv)
  2 orc warlords
  Louise (D:15)
  The ghost of Potutehi the Blocker, a journeyman DDFi of Makhleb (Orc:1)
  Nessos (D:15)
  Azrael (D:14)
  An ettin (D:15)
  A fire dragon (Lair:6)
  An ice dragon (Lair:6)
  4 vault guards (D:13)
  4 ogre magi
  5 two-headed ogres (D:15)
  13 hydras
  2 centaur warriors (D:15)
  3 death yaks (Lair:2)
  A tengu warrior (D:12)
  2 orc high priests
  A fire crab (Lair:5)
  3 unseen horrors
  4 skeletal warriors (D:14)
  A deep troll (D:15)
  A deep elf archer (D:13)
  2 lindwurms (Lair:6)
  A swamp dragon (Lair:6)
  7 orc knights
  2 deep elf magi
  3 fauns
  4 orc sorcerers
  4 ugly things
  2 cyclopes
  3 manticores
  4 elephants (Lair:4)
  2 merfolk sirens (Shoals:1)
  A centaur zombie (D:12)
  A water nymph (Shoals:1)
  7 black mambas
  8 torpor snails
  15 cane toads
  2 gargoyles
  3 rime drakes
  2 ice devils (D:13)
  10 komodo dragons
  A yaktaur (D:15)
  4 tyrant leeches
  A merfolk (Shoals:1)
  A tengu conjurer (D:13)
  9 trolls
  8 hornets
  16 polar bears (IceCv)
  A wind drake (Shoals:1)
  A wind drake (shapeshifter) (D:14)
  7 slime creatures
  19 blink frogs
  9 dream sheep
  A snapping turtle (Lair:4)
  4 shadows
  A centaur simulacrum (D:15)
  3 wraiths
  2 wyverns
  5 basilisks
  Eustachio (D:6)
  72 yaks
  5 steam dragons
  3 fire elementals (D:14)
  Grum (D:9)
  5 neqoxecs (Orc:1)
  5 wargs
  2 swamp worms (Lair:6)
  2 acid dragons
  4 nagas (Lair:2)
  2 hell hounds (D:14)
  20 water moccasins
  A swamp drake (Lair:6)
  4 black bears
  4 ice beasts
  Purgy (Sewer)
  An eye of draining (D:13)
  49 orc warriors
  A necrophage (D:7)
  A sky beast (D:8)
  15 ogres
  23 wolves
  3 phantoms
  7 centaurs
  7 big kobolds
  23 bullfrogs
  2 wyvern zombies
  A wyvern skeleton (D:13)
  4 scorpions
  8 killer bees
  2 troll zombies (D:9)
  7 wights
  3 howler monkeys
  3 bullfrog zombies
  4 quasits
  17 orc priests
  2 bullfrog skeletons
  7 hounds
  2 centaur skeletons
  8 jellies
  21 orc wizards
  3 iguanas
  6 hell rats (Lair:1)
  10 worker ants
  4 ogre zombies (D:9)
  2 hound zombies
  A hound skeleton (D:8)
  9 adders
  A gnoll (Bailey)
  2 shadow imps
  9 oozes
  An adder skeleton (D:7)
  4 dart slugs
  7 leopard geckos
  75 orcs
  2 ball pythons (Sewer)
  6 giant cockroaches
  15 goblins
  9 hobgoblins
  7 jackals
  4 quokkas
  9 bats
  6 frilled lizards
  A goblin skeleton (D:9)
  A goblin zombie (D:9)
  3 hobgoblin zombies (D:9)
  A jackal skeleton (D:7)
  30 kobolds
  A leopard gecko skeleton (D:6)
  A leopard gecko zombie (D:6)
  14 orc zombies (D:9)
  A quokka skeleton (D:2)
  16 rats
  A butterfly (Lair:6)
847 creatures vanquished.

Vanquished Creatures (collateral kills)
  A bullfrog (D:8)
  A wight (D:10)
2 creatures vanquished.

Vanquished Creatures (others)
  2 humans (D:14)
  2 wolves (IceCv)
  A wyvern skeleton (D:14)
  An orc (Orc:1)
  2 bushes
  97 fungi
  118 plants
  8 toadstools (D:5)
231 creatures vanquished.

Grand Total: 1080 creatures vanquished

Notes
Turn   | Place    | Note
-------+----------+-------------------------------------------
     0 | D:1      | teolandon225 the Spriggan Enchanter began the quest for the
                  | Orb.
     0 | D:1      | Reached XP level 1. HP: 9/9 MP: 5/5
   398 | D:1      | Reached XP level 2. HP: 13/13 MP: 6/6
   401 | D:1      | Learned a level 2 spell: Ensorcelled Hibernation
   474 | D:1      | Reached skill level 5 in Stealth
  1522 | D:1      | Reached XP level 3. HP: 16/16 MP: 8/8
  2477 | D:2      | Learned a level 3 spell: Confusing Touch
  2796 | D:2      | Reached skill level 6 in Stealth
  3018 | D:2      | Reached XP level 4. HP: 17/21 MP: 2/9
  4017 | D:3      | Found a glowing drain.
  4051 | Sewer    | Entered a sewer
  4298 | Sewer    | Noticed Purgy
  4306 | Sewer    | Killed Purgy
  4307 | Sewer    | Reached skill level 7 in Stealth
  4307 | Sewer    | Reached skill level 5 in Hexes
  4307 | Sewer    | Reached XP level 5. HP: 24/24 MP: 7/10
  5535 | D:3      | Found a snail-covered altar of Cheibriados.
  5538 | D:3      | Found a shimmering altar of Xom.
  5538 | D:3      | Found a blossoming altar of Fedhas.
  5612 | D:3      | Reached XP level 6. HP: 18/28 MP: 1/11
  5787 | D:3      | Found an ornate altar of the Wu Jian Council.
  5787 | D:3      | Found a hazy altar of Hepliaklqana.
  5787 | D:3      | Found a basalt altar of Yredelemnul.
  5943 | D:4      | Found a transporter.
  6148 | D:4      | Found a transporter.
  6368 | D:4      | Reached skill level 5 in Dodging
  6991 | D:4      | Reached skill level 8 in Stealth
  7319 | D:5      | Entered Level 5 of the Dungeon
  7354 | D:5      | Found a staircase to the Ecumenical Temple.
  7362 | Temple   | Entered the Ecumenical Temple
  7552 | Temple   | Became a worshipper of Dithmenos the Shadowed
  7623 | D:5      | Got a pitted granite ring
  7890 | D:5      | Identified the ring of Ismeb {rF+ Str-2 Dex+6 Stlth-} (You
                  | found it on level 5 of the Dungeon)
  7953 | D:5      | Noticed a water moccasin
  7958 | D:5      | Killed a water moccasin
  7959 | D:5      | Reached skill level 9 in Stealth
  7959 | D:5      | Reached XP level 7. HP: 32/32 MP: 7/12
  8418 | D:5      | Noticed a slime creature
  8419 | D:5      | Noticed a slime creature
  9512 | D:6      | Reached skill level 10 in Stealth
  9543 | D:6      | Reached XP level 8. HP: 36/36 MP: 8/13
 10848 | D:5      | Killed a slime creature
 11068 | D:6      | Reached skill level 1 in Fighting
 11184 | D:6      | Noticed Eustachio
 11196 | D:6      | Killed Eustachio
 11197 | D:6      | Reached skill level 11 in Stealth
 11325 | D:6      | Found an iron altar of Okawaru.
 11581 | D:6      | Reached * piety under Dithmenos
 11878 | D:7      | Learned a level 3 spell: Tukima's Dance
 11882 | D:7      | Learned a level 3 spell: Dazzling Flash
 11950 | D:7      | Reached XP level 9. HP: 42/42 MP: 14/14
 12041 | D:7      | Reached skill level 12 in Stealth
 12894 | D:8      | Reached skill level 10 in Hexes
 13353 | D:8      | Reached skill level 13 in Stealth
 13624 | D:8      | Found a staircase to the Lair.
 13688 | D:8      | Reached ** piety under Dithmenos
 13993 | D:8      | You fall into a shaft and drop 3 floors!
 14049 | D:11     | Reached XP level 10. HP: 49/49 MP: 15/15
 14133 | D:10     | Entered Level 10 of the Dungeon
 14587 | D:10     | Noticed an unseen horror
 14596 | D:10     | Killed an unseen horror
 14597 | D:10     | Reached skill level 14 in Stealth
 14864 | D:9      | Found a flagged portal.
 14950 | Bailey   | Entered a bailey
 15279 | Bailey   | Identified the +7 whip "Loaddit" {elec, Int+6}
 16674 | D:9      | Noticed Grum
 16683 | D:9      | Killed Grum
 16690 | D:9      | Reached *** piety under Dithmenos
 16691 | D:9      | Reached skill level 10 in Dodging
 17226 | D:9      | Found a staircase to the Orcish Mines.
 17606 | D:9      | Found a hazy altar of Hepliaklqana.
 17656 | D:9      | Reached skill level 15 in Stealth
 18219 | D:10     | Noticed a five-headed hydra
 18308 | D:9      | Killed a five-headed hydra
 18362 | D:10     | Reached **** piety under Dithmenos
 18441 | D:10     | Reached XP level 11. HP: 54/54 MP: 13/16
 18590 | D:10     | Noticed an ogre mage
 18592 | D:10     | Killed an ogre mage
 19380 | Lair:1   | Entered Level 1 of the Lair of Beasts
 19380 | Lair:1   | Noticed a six-headed hydra
 19654 | Lair:1   | Reached skill level 5 in Fighting
 19677 | Lair:1   | Reached skill level 16 in Stealth
 21125 | Lair:1   | Killed a six-headed hydra
 21185 | Lair:1   | Noticed a six-headed hydra
 21188 | Lair:1   | Noticed a six-headed hydra
 21233 | Lair:1   | Killed a six-headed hydra
 21234 | Lair:1   | Reached skill level 17 in Stealth
 21469 | Lair:1   | Killed a six-headed hydra
 21820 | Lair:1   | Identified a scroll of acquirement
 21930 | Lair:2   | Reached XP level 12. HP: 35/60 MP: 7/17
 22037 | Lair:2   | Found a staircase to the Snake Pit.
 22392 | Lair:2   | Reached ***** piety under Dithmenos
 22978 | Lair:2   | Noticed a five-headed hydra
 22984 | Lair:2   | Killed a five-headed hydra
 22985 | Lair:2   | Reached skill level 18 in Stealth
 23314 | Lair:3   | Noticed a five-headed hydra
 23329 | Lair:3   | Killed a five-headed hydra
 23330 | Lair:3   | Reached skill level 1 in Evocations
 23447 | Lair:3   | Noticed a death yak
 23447 | Lair:3   | Noticed a death yak
 23448 | Lair:3   | Noticed a death yak
 23512 | Lair:2   | Killed a death yak
 23586 | Lair:2   | Killed a death yak
 23621 | Lair:2   | Killed a death yak
 24036 | Lair:3   | Reached skill level 15 in Hexes
 24501 | Lair:3   | Noticed an eight-headed hydra
 24557 | Lair:3   | Killed an eight-headed hydra
 24558 | Lair:3   | Reached XP level 13. HP: 50/66 MP: 6/18
 25466 | Lair:4   | Reached skill level 19 in Stealth
 26134 | Lair:4   | Found a staircase to the Shoals.
 26619 | Lair:5   | Found a shadowy altar of Dithmenos.
 26926 | Lair:5   | Reached skill level 5 in Evocations
 27274 | Lair:5   | Learned a level 6 spell: Invisibility
 27847 | Lair:5   | Found a staircase to the Slime Pits.
 28075 | Lair:6   | Entered Level 6 of the Lair of Beasts
 28379 | Lair:5   | Found a shadowy altar of Dithmenos.
 28774 | Lair:5   | Found a staircase to the Slime Pits.
 29984 | Lair:6   | Reached XP level 14. HP: 72/72 MP: 15/19
 30045 | Lair:6   | Reached skill level 5 in Short Blades
 30630 | Lair:6   | Reached ****** piety under Dithmenos
 30659 | Lair:6   | Found a runed translucent door.
 30932 | Lair:6   | Reached skill level 10 in Evocations
 30932 | Lair:6   | Reached XP level 15. HP: 77/77 MP: 20/20
 30965 | Lair:6   | Reached skill level 1 in Invocations
 31740 | Lair:6   | Got an ebony whip
 31906 | Orc:1    | Entered Level 1 of the Orcish Mines
 32418 | Orc:1    | Found Giblig's Distillery.
 32435 | Orc:1    | Found a transporter.
 32444 | Orc:1    | Bought a potion of heal wounds for 75 gold pieces
 32444 | Orc:1    | Bought 2 potions of heal wounds for 150 gold pieces
 32589 | Orc:1    | Gained mutation: You have sharp toenails. [mutagenic glow]
 32704 | Orc:1    | Found a transporter.
 32709 | Orc:1    | Noticed Potutehi's ghost (journeyman DDFi)
 32765 | Orc:1    | Noticed an orc warlord
 32796 | Orc:1    | Killed an orc warlord
 33381 | Orc:1    | Gained mutation: You occasionally shout uncontrollably at
                  | your foes. [a neqoxec]
 33401 | Orc:1    | Gained mutation: You are covered in fur. (AC +1) [a
                  | neqoxec]
 33404 | Orc:1    | Killed Potutehi's ghost
 33433 | Orc:1    | Got a flickering pewter amulet
 33484 | Orc:1    | Identified the amulet "Myblos" {Acrobat rF+ Int+4} (You
                  | found it on level 1 of the Orcish Mines)
 33544 | Orc:2    | Entered Level 2 of the Orcish Mines
 33544 | Orc:2    | Found a staircase to the Elven Halls.
 34634 | Orc:2    | Found Akoaqit's Antique Armour Shoppe.
 34698 | Orc:2    | Bought an embroidered scarf for 208 gold pieces
 34766 | Orc:2    | Found Gyqyg's General Store.
 34766 | Orc:2    | Noticed an orc warlord
 35041 | Orc:2    | Found Woshromp's Antique Weapon Emporium.
 35136 | Orc:2    | Killed an orc warlord
 35137 | Orc:2    | Reached skill level 5 in Invocations
 35661 | Orc:2    | Found Epnofy's Book Shoppe.
 36200 | Orc:2    | Learned a level 1 spell: Apportation
 36200 | Orc:2    | Acquired the +0 buckler of Gallantry {rN+}
 36576 | D:11     | Found a shadowy altar of Dithmenos.
 37141 | D:11     | Lost mutation: You have sharp toenails. [potion of
                  | mutation]
 37141 | D:11     | Lost mutation: You occasionally shout uncontrollably at
                  | your foes. [potion of mutation]
 37141 | D:11     | Gained mutation: You have sharp fingernails. [potion of
                  | mutation]
 37141 | D:11     | Gained mutation: You are partially covered in large bone
                  | plates. (SH +4) [potion of mutation]
 37141 | D:11     | Gained mutation: Your flesh is heat resistant. (rF+)
                  | [potion of mutation]
 37405 | D:11     | Reached skill level 1 in Shields
 37999 | D:12     | Found a sparkling altar of Nemelex Xobeh.
 38014 | D:12     | Gained mutation: You are frail. (-10% HP) [mutagenic glow]
 38446 | D:13     | Found Ticau's Magic Scroll Boutique.
 38480 | D:13     | Found a frozen archway.
 38491 | IceCv    | Entered an ice cave
 38557 | IceCv    | Reached XP level 16. HP: 73/73 MP: 16/22
 41423 | D:13     | Found a gate to the Vaults.
 41431 | D:13     | Paralysed by an ogre mage for 7 turns
 42264 | D:13     | Bought a scroll of identify for 32 gold pieces
 42264 | D:13     | Bought a scroll of identify for 32 gold pieces
 42264 | D:13     | Bought a scroll of identify for 32 gold pieces
 42264 | D:13     | Bought a scroll of summoning for 152 gold pieces
 42264 | D:13     | Bought a scroll of identify for 32 gold pieces
 42264 | D:13     | Bought a scroll of teleportation for 48 gold pieces
 42264 | D:13     | Bought a scroll of identify for 32 gold pieces
 42264 | D:13     | Bought a scroll of magic mapping for 56 gold pieces
 42264 | D:13     | Bought a scroll of summoning for 152 gold pieces
 42264 | D:13     | Bought a scroll of fear for 56 gold pieces
 42264 | D:13     | Bought a scroll of enchant weapon for 120 gold pieces
 43448 | D:14     | Reached skill level 10 in Invocations
 43824 | D:14     | Noticed Kirke
 44382 | D:14     | Noticed Azrael
 44616 | D:14     | Killed Kirke
 45164 | D:14     | Killed Azrael
 45301 | D:15     | Entered Level 15 of the Dungeon
 45356 | D:15     | Noticed Nessos
 45363 | D:15     | Killed Nessos
 45550 | D:15     | Reached skill level 5 in Shields
 45554 | D:15     | Found a staircase to the Depths.
 45723 | D:15     | Noticed Louise
 45751 | D:15     | Killed Louise
 45766 | D:15     | Noticed Rupert
 45855 | D:15     | Killed Rupert
 46589 | Shoals:1 | Entered Level 1 of the Shoals
 46603 | Shoals:1 | Found Ivamesor's General Store.
 47718 | Shoals:1 | Bought a scroll of teleportation for 39 gold pieces
 47718 | Shoals:1 | Bought a potion of curing for 39 gold pieces
 47718 | Shoals:1 | Bought a wand of paralysis (10) for 156 gold pieces
 47853 | Shoals:1 | HP: 2/73 [drowned by a drowned soul[a merfolk avatar] (15)]
 47855 | Shoals:1 | Drowned by a drowned soul

Illustrated notes

Levels and vault maps discovered:
D:1:      lemuel_arrival_tunnels, layout_basic, serial_bayou,
          serial_bayou_pond_e, serial_bayou_ford_a, serial_bayou_pond_e,
          serial_bayou_shore_a, serial_bayou_crossing, minmay_split_cup_small
D:2:      layout_basic
D:3:      layout_loops_corners, portal_sewer_entry_e, roderic_roman_lattice,
          doesnt_xom_only_xom
D:4:      gammafunk_steamed_eel, layout_gridville, minmay_misc_feat_hallway
D:5:      cheibrodos_fertilizer, layout_loops_ring, minmay_temple_entry_fiery
D:6:      layout_loops_cross, lemuel_tele_altar, uniq_eustachio
D:7:      layout_rooms
D:8:      layout_loops_ring, due_lair_maze_entry_diamond
D:9:      layout_loops_corners, nzn_hepliaklqana_mist_gate, zombieorc1_lemuel,
          enter_bailey_3, uniq_grum
D:10:     layout_small_grid, kennysheep_just_a_vault
D:11:     layout_loops_corners, basic_altar, blue_anna_alchemist
          [blue_anna_fruit_fields, blue_anna_fruit_fields]
D:12:     layout_long_grid, basic_altar
D:13:     layout_loops_corners, grunt_vaults_entry_fortified, serial_shops,
          nicolae_shop_waterfront, portal_ice_cave_demonic_guard,
          gauntlet_entry_generic, kennysheep_generic_room_6
D:14:     layout_layer_cave, serial_park_tiny_2, uniq_kirke, uniq_azrael
D:15:     hangedman_depths_entry_civil_slaughter, layout_loops_ring,
          chequers_avenue, uniq_nessos, uniq_louise, uniq_rupert
Temple:   minmay_crystal_snake_temple
Lair:1:   layout_loops_ring
Lair:2:   layout_small_grid, minmay_snake_entry_guardpost_small
Lair:3:   layout_chaotic_city, grunt_megastairs_2, infiniplex_staircase_pool_2
Lair:4:   layout_loops_ring, minmay_shoals_entry_hut, grunt_megastairs_5
Lair:5:   layout_regular_city, minmay_slime_entry_pillars, basic_altar
Lair:6:   guppyfry_lair_end_dragon, layout_regular_city, wormcave, worms_lemuel,
          lemuel_fruit_fields
Shoals:1: layout_shoals, serial_shops, nicolae_shop_statue_plus, uniq_jorgrun
Orc:1:    layout_caves, gammafunk_ghost_stat_death, serial_shops, shop
Orc:2:    grunt_orc_gardens, layout_caves, grunt_orc_garden, grunt_orc_garden,
          grunt_orc_garden, grunt_orc_garden

Skill      XL: |  1  2  3  4  5  6  7  8  9 10 11 12 13 14 15 16 |
---------------+-------------------------------------------------+-----
Hexes          | 4 5 6 7 9 10 12 13 15 16 | 16.7
Stealth        | 5 6 7 9 10 11 13 15 17 18 19 | 19.6
Dodging        | 4 5 6 7 9 10 11 13 14 | 14.8
Fighting       | 2 3 4 5 6 7 8 |  8.6
Evocations     | 3 6 10 | 10.8
Short Blades   | 4 5 7 |  7.1
Invocations    | 7 12 | 12.0
Shields        | 2 5 |  5.7
Spellcasting   | |  2.6

Action                   |  1- 3 |  4- 6 |  7- 9 | 10-12 | 13-15 | 16-18 || total
-------------------------+-------+-------+-------+-------+-------+-------++-------
Melee: Dagger            |   110 |   128 |   212 |   560 |   833 |   530 ||  2373
       Kick              |       |       |       |       |    88 |       ||    88
 Cast: Corona            |     4 |       |       |       |       |       ||     4
       Ensorcelled Hiber |    34 |    84 |   114 |   193 |   262 |    73 ||   760
       Confusing Touch   |       |     1 |    10 |    36 |    11 |    29 ||    87
       Tukima's Dance    |       |       |       |     3 |       |       ||     3
       Dazzling Flash    |       |       |       |    19 |    16 |     4 ||    39
       Invisibility      |       |       |       |       |    27 |    12 ||    39
Invok: Shadow Step       |       |       |       |       |     1 |     1 ||     2
       Shadow Form       |       |       |       |       |       |     1 ||     1
 Abil: Evoke Flight      |       |       |       |     7 |       |     5 ||    12
  Use: Potion            |     1 |     1 |       |       |     4 |     2 ||     8
       Scroll            |       |     9 |     6 |    13 |    10 |    10 ||    48
 Stab: Sleeping          |    32 |    58 |    66 |   135 |   180 |    97 ||   568
       Invisible         |     2 |       |       |     9 |   127 |    37 ||   175
       Confused          |       |     1 |     8 |    33 |    11 |    26 ||    79
       Distracted        |       |       |     2 |     2 |     6 |     4 ||    14
Armor: Robe              |    17 |    24 |     2 |       |     9 |    26 ||    78
       Troll leather arm |       |       |    13 |    37 |    38 |       ||    88
Dodge: Dodged            |   117 |   169 |   204 |   601 |   954 |   390 ||  2435
Block: Other             |       |       |       |   123 |   141 |    45 ||   309
       Reflection        |       |       |       |    21 |     1 |       ||    22
       Buckler           |       |       |       |       |    61 |    24 ||    85
